 Dungeon Crawl Stone Soup version 0.29-a0-997-gf6f7e2dfe7 (webtiles) character file.

Game seed: 4571610849660433716

28 zishaf the Sneak (level 2, -1/19 HPs)
             Began as a Vampire Enchanter on Aug 4, 2022.
             Slain by an adder (2 damage)
             ... on level 2 of the Dungeon.
             The game lasted 00:01:51 (939 turns).

zishaf the Sneak (Vampire Enchanter)                 Turns: 939, Time: 00:01:51

Health: -1/19      AC:  2    Str:  7    XL:     2   Next: 96%
Magic:  0/5        EV: 12    Int: 17    God:
Gold:   39         SH:  0    Dex: 14    Spells: 3/5 levels left

rFire   . . .      SeeInvis +   a - +1 dagger
rCold   . . .      Faith    .   (no shield)
rNeg    . . .      Spirit   .   b - +0 robe
rPois   .          Reflect  .   (no helmet)
rElec   .          Harm     .   (no cloak)
rCorr   .          Rampage  .   (no gloves)
Will    .....                   (no boots)
Stlth   +++.......              (no amulet)
HPRegen 0.26/turn               (no ring)
MPRegen 0.09/turn               (no ring)

@: lethally poisoned (-1 -> -5), very slightly contaminated, healing quickly
A: alive, fangs 3, see invisible, vampiric 1
a: Exsanguinate


You were on level 2 of the Dungeon.
You visited 1 branch of the dungeon, and saw 2 of its levels.

You collected 39 gold pieces.

Inventory:

Hand Weapons
 a - a +1 dagger (weapon)
Missiles
 h - 3 poisoned darts (quivered)
Armour
 b - a +0 robe (worn)
Scrolls
 d - a scroll of blinking {unknown}
 g - a scroll of identify {unknown}
Potions
 c - 2 potions of invisibility
 e - a potion of curing {unknown}
 f - a potion of magic {unknown}


   Skills:
 + Level 1.9 Short Blades
 - Level 2.1 Dodging
 + Level 5.0 Stealth
 - Level 2.0 Spellcasting
 + Level 4.9 Hexes
 + Level 0.7 Ice Magic


You had 3 spell levels left.
You knew the following spells:

 Your Spells              Type           Power      Damage    Failure   Level
a - Ensorcelled Hibernat  Hex/Ice        22%        N/A       9%          2

Your spell library contained the following spells:

 Spells                   Type           Power      Damage    Failure   Level
 Confusing Touch          Hex            18%        N/A       8%          3
 Tukima's Dance           Hex            18%        N/A       8%          3
 Dazzling Flash           Conj/Hex       20%        N/A       22%         3
 Portal Projectile        Hex/Tloc       20%        N/A       22%         3
 Blade Hands              Tmut           0%         N/A       99%         5


Dungeon Overview and Level Annotations

Branches:
Dungeon (2/15)

Altars:


Innate Abilities, Weirdness & Mutations

Your natural rate of healing is accelerated.
You have razor-sharp teeth.
You have supernaturally acute eyesight. (SInv)
You are afflicted with vampirism.


Message History

An adder comes into view.
The hobgoblin hits you but does no damage.
You hit the hobgoblin but do no damage. The hobgoblin closely misses you.
You hit the hobgoblin.
The hobgoblin is severely wounded.
The hobgoblin closely misses you.
You hit the hobgoblin.
The hobgoblin is almost dead.
The hobgoblin hits you.
You barely miss the hobgoblin.
The hobgoblin is almost dead.
The hobgoblin hits you.
You hit the hobgoblin but do no damage. Your bite misses the hobgoblin.
The hobgoblin is almost dead.
You closely miss the hobgoblin.
The hobgoblin is almost dead.
A goblin comes into view. It is wielding a +0 dagger.
The hobgoblin hits you. The adder bites you but does no damage.
You closely miss the hobgoblin.
The hobgoblin is severely wounded.
The adder bites you. The hobgoblin hits you.
You hit the hobgoblin but do no damage.
The hobgoblin is severely wounded.
The adder bites you.
* * * LOW HITPOINT WARNING * * *
You are lethally poisoned!
The adder poisons you! The hobgoblin closely misses you.
Unknown command.
Casting: Ensorcelled Hibernation (safe; 9% risk of failure)
Confirm with . or Enter, or press ? or * to list all spells.
Aiming: Ensorcelled Hibernation (safe; 9% risk of failure)
Press: ? - help, Shift-Dir - straight line, f - adder, p - hobgoblin
Aim: an adder (chance to affect: 53%)
You miscast Ensorcelled Hibernation.
You are very lightly contaminated with residual magic.
Nothing appears to happen.
* * * LOW HITPOINT WARNING * * *
You feel sick. The adder barely misses you.
The hobgoblin completely misses you. The adder bites you.
You die...

.#....
#......
.......
.......
:......
.......
##†......
####@g......
#..>S.......
#...........
#†..........
#..<#....###
#####.#g.#
.#..# .#..!.
.. ...#


You could see an adder, a hobgoblin and a goblin.

Vanquished Creatures
  4 endoplasms (D:1)
  3 giant cockroaches
  3 hobgoblins
  A quokka (D:1)
  2 ball pythons (D:1)
  4 bats (D:1)
  3 goblins (D:1)
  2 kobolds (D:1)
  2 rats (D:1)
24 creatures vanquished.

Vanquished Creatures (others)
  A fungus (D:1)
  A plant (D:1)
2 creatures vanquished.

Grand Total: 26 creatures vanquished

Notes
Turn   | Place    | Note
-------+----------+-------------------------------------------
     0 | D:1      | zishaf the Vampire Enchanter began the quest for the Orb.
     0 | D:1      | Reached XP level 1. HP: 13/13 MP: 3/3
   333 | D:1      | Reached XP level 2. HP: 16/19 MP: 5/5
   346 | D:1      | Learned a level 2 spell: Ensorcelled Hibernation
   570 | D:1      | Found a faded altar of an unknown god.
   768 | D:1      | Reached skill level 5 in Stealth
   939 | D:2      | Slain by an adder

Illustrated notes

Levels and vault maps discovered:
D:1:      zelgadis_glass_arrival_small, layout_loops_ring,
          shapermc_ecumenical_altar_acropolis
D:2:      layout_rooms

Skill      XL: |  1  2 |
---------------+-------+-----
Stealth        | 5 |  5.0
Short Blades   | |  1.9
Dodging        | |  2.1
Spellcasting   | |  2.0
Hexes          | |  4.9
Ice Magic      | |  0.7

Action                   || total
-------------------------++-------
Melee: Dagger            ||    74
       Bite              ||     5
       Punch             ||     1
 Cast: Ensorcelled Hiber ||     6
 Stab: Sleeping          ||    13
Armor: Robe              ||    13
Dodge: Dodged            ||    34

Table legend: (Time is in decaauts)
 A = Elapsed time spent in this place.
 B = Non-inter-level travel time spent in this place.
 C = Inter-level travel time spent in this place.
 D = Time resting spent in this place.
 E = Time spent auto-exploring this place.
 F = Levels seen in this place.
 G = Mean time per level.
                   A        B        C        D        E       F      G
               +--------+--------+--------+--------+--------+-----+--------+
         Total |    933 |    910 |     23 |      0 |    745 |   2 |  466.5 |
       Dungeon |    933 |    910 |     23 |      0 |    745 |   2 |  466.5 |
               +--------+--------+--------+--------+--------+-----+--------+

Top non-repeatable levels by time:
     D:1: 912 daAuts
     D:2: 21 daAuts
